 Dungeon Crawl Stone Soup version 0.27.1 (webtiles) character file.

Game seed: 4315152486589011137

6 jlumianski the Grave Robber (level 1, -5/15 HPs)
             Began as a Deep Dwarf Necromancer on Aug 27, 2021.
             Succumbed to a scorpion's poison
             ... on level 2 of the Dungeon.
             The game lasted 00:02:58 (1149 turns).

jlumianski the Grave Robber (DDNe)                  Turns: 1149, Time: 00:02:59

Health: -5/15      AC:  3    Str: 11    XL:     1   Next: 75%
Magic:  3/3        EV: 12    Int: 15    God:
Gold:   65         SH:  0    Dex: 13    Spells: 2/3 levels left

rFire    . . .     SeeInvis .   e - +0 dagger
rCold    . . .     Faith    .   (no shield)
rNeg     . . .     Spirit   .   i - +0 leather armour
rPois    .         Reflect  .   (no helmet)
rElec    .         Harm     .   (no cloak)
rCorr    .         Rampage  .   (no gloves)
Will     .....                  (no boots)
Stlth    ++........             (no amulet)
HPRegen  0.00/turn              (no ring)
MPRegen  0.08/turn              (no ring)

@: lethally poisoned (-5 -> -13)
A: damage resistance, heal wounds, sense surroundings 1, no regeneration
a: Heal Wounds


You were on level 2 of the Dungeon.
You visited 1 branch of the dungeon, and saw 2 of its levels.

You collected 65 gold pieces.

Inventory:

Hand Weapons
 b - a +0 club
 e - a +0 dagger (weapon)
Missiles
 d - 26 stones
 g - 17 poisoned darts (quivered)
Armour
 a - a +0 robe
 i - a +0 leather armour (worn)
Scrolls
 c - a scroll of brand weapon {unknown}
 f - a scroll of identify {unknown}
 h - a scroll of vulnerability {unknown}
Potions
 j - a potion of attraction


   Skills:
 + Level 2.2 Dodging
 + Level 2.5 Stealth
 + Level 1.7 Spellcasting
 + Level 4.7 Necromancy


You had 2 spell levels left.
You knew the following spells:

 Your Spells              Type           Power      Damage    Failure   Level
a - Pain                  Necr           60%        1d7       4%          1

Your spell library contained the following spells:

 Spells                   Type           Power      Damage    Failure   Level
 Animate Skeleton         Necr           30%        N/A       4%          1
 Vampiric Draining        Necr           7%         2d7       13%         3
 Animate Dead             Necr           7%         N/A       41%         4
 Agony                    Necr           15%        N/A       77%         5


Dungeon Overview and Level Annotations

Branches:
Dungeon (2/15)

Altars:


Innate Abilities, Weirdness & Mutations

You are resistant to damage.
You can heal yourself by infusing magical energy.
You passively map a small area around you.
You do not regenerate.


Message History

Press: ? - help, Q - select action, (/) - cycle Shift-Dir - straight line, f - scorpion
Aim: a scorpion (56% to hit)
You throw a poisoned dart. The poisoned dart hits the scorpion.
The scorpion is poisoned.
Throw: 19 darts (poison)
Press: ? - help, Q - select action, (/) - cycle Shift-Dir - straight line, f/p - scorpion
Aim: a scorpion (lightly wounded, poisoned, 56% to hit)
You throw a poisoned dart. The poisoned dart hits the scorpion.
The scorpion is lightly wounded.
Throw: 18 darts (poison)
Press: ? - help, Q - select action, (/) - cycle Shift-Dir - straight line, f/p - scorpion
Aim: a scorpion (lightly wounded, poisoned, 56% to hit)
You throw a poisoned dart.
The poisoned dart barely misses the scorpion.
You hit the scorpion but do no damage.
The scorpion is lightly wounded.
The scorpion stings you.
You hit the scorpion.
The scorpion is moderately wounded.
The scorpion barely misses you.
You hit the scorpion.
The scorpion is moderately wounded.
The scorpion closely misses you.
You hit the scorpion.
The scorpion is heavily wounded.
The scorpion looks more healthy.
The scorpion stings you.
You are poisoned.
The scorpion poisons you!
You hit the scorpion.
The scorpion is severely wounded.
The scorpion stings you.
You are more poisoned.
The scorpion poisons you! The scorpion stings you.
* * * LOW HITPOINT WARNING * * *
You are lethally poisoned!
The scorpion poisons you!
Okay, then.
You hit the scorpion but do no damage.
The scorpion is severely wounded.
You die...

* ≈ , * * * ## ≈
**, ,.. , * ,,
.# * * , *
#.##### * ** #
......#
...##.###......#
,
#.....s@......#
≈
##.(.##.#......
.(.(.,,....####.
* .#.. .##.... ,
#., .., ####.. *
#., ## . , . ,,
* * * * ,≈ ,


You could see a scorpion.

Vanquished Creatures
  A hobgoblin (D:1)
  2 kobolds (D:1)
  A bat (D:1)
  2 rats (D:1)
6 creatures vanquished.

Notes
Turn   | Place    | Note
-------+----------+-------------------------------------------
     0 | D:1      | jlumianski the Deep Dwarf Necromancer began the quest for
                  | the Orb.
     0 | D:1      | Reached XP level 1. HP: 15/15 MP: 3/3
  1138 | D:2      | Noticed a scorpion
  1149 | D:2      | Succumbed to a scorpion's poison

Illustrated notes

Levels and vault maps discovered:
D:1:      wheals_arrival_linesprint, layout_loops_corners
D:2:      wander_river, layout_rooms, serial_shops,
          nicolae_shop_overgrown_old_shop, nicolae_shop_stone,
          shapermc_ecumenical_altar_flowoftime, chequers_hall_statues_wall_a,
          grunt_ministairs_1, uniq_robin, uniq_natasha, uniq_jessica

Action                   || total
-------------------------++-------
Melee: Dagger            ||    12
Throw: Dart              ||     5
 Cast: Pain              ||     2
  Use: Potion            ||     1
 Stab: Sleeping          ||     1
Dodge: Dodged            ||     3
